 Dungeon Crawl Stone Soup version 0.30.1-11-g7821555f0a (webtiles) character file.

Game seed: 1862838530157403998

120 booth the Chopper (level 4, -7/38 HPs)
             Began as a Demonspawn Monk on Nov 3, 2023.
             Mangled by Crazy Yiuf
             ... wielding a +3 quarterstaff of chaos
              (11 damage)
             ... on level 2 of the Dungeon.
             The game lasted 00:10:39 (2014 turns).

booth the Chopper (Demonspawn Monk)                 Turns: 2014, Time: 00:10:39

Health: -7/38      AC:  4    Str: 15    XL:     4   Next: 75%
Magic:  0/4        EV: 13    Int:  8    God:
Gold:   163        SH:  0    Dex: 16    Spells: 3/3 levels left

rFire   + . .        a - +0 hand axe
rCold   + . .        d - orb {light}
rNeg    . . .        b - +0 robe
rPois   +            i - +0 helmet
rElec   +            (no cloak)
rCorr   +            (no gloves)
SInv    .            (no boots)
Will    .....        f - amulet "Tipistrua" {Spirit +Blink Str+2 Int-3}
Stlth   +            (no ring)
HPRegen 0.26/turn    (no ring)
MPRegen 0.09/turn

%: guardian spirit
@: resistant, hasted, glowing, very quick
A: rugged brown scales 1, weakness stinger 1
a: Evoke Blink


You were on level 2 of the Dungeon.
You visited 1 branch of the dungeon, and saw 2 of its levels.

You collected 163 gold pieces.

Inventory:

Hand Weapons
 a - a +0 hand axe (weapon)
Missiles
 l - 4 poisoned darts
 p - 4 boomerangs (quivered)
Armour
 b - a +0 robe (worn)
 d - an orb of light (worn)
 i - a +0 helmet (worn)
Jewellery
 f - the amulet "Tipistrua" (around neck) {Spirit +Blink Str+2 Int-3}
   (You acquired it on level 1 of the Dungeon)

   [amulet of guardian spirit]

   It causes incoming damage to be divided between your reserves of health and
   magic.
   Str:       It affects your strength (+2).
   Int:       It affects your intelligence (-3).
   +Blink:    It lets you blink.
Scrolls
 e - a scroll of teleportation {unknown}
 k - a scroll of amnesia {unknown}
 m - a scroll of vulnerability {unknown}
 n - 2 scrolls of identify {unknown}
 o - a scroll of immolation {unknown}
Potions
 c - a potion of ambrosia
 g - a potion of haste
 h - a potion of magic {unknown}
 j - a potion of heal wounds {unknown}
 q - a potion of resistance


   Skills:
 + Level 3.9 Fighting
 * Level 3.9 Axes
 + Level 3.4 Dodging


You had 3 spell levels left.
You didn't know any spells.
Your spell library contained the following spells:

 Spells                   Type           Power      Damage    Failure   Level
 Freeze                   Ice            0%         1d3       41%         1
 Frozen Ramparts          Ice            0%         1d1       78%         3
 Gell's Gravitas          Tloc           0%         N/A       78%         3
 Hailstorm                Conj/Ice       0%         3d3       78%         3
 Teleport Other           Tloc           0%         N/A       78%         3
 Dispersal                Tloc           0%         N/A       100%        6


Dungeon Overview and Level Annotations

Branches:
Dungeon (2/15)

Altars:

Annotations:
D:2 Crazy Yiuf


Innate Abilities, Weirdness & Mutations

You are partially covered in rugged brown scales. (AC +1, +3% HP)
You have a small tail.


Message History

You start resting.
HP restored.
You see here an adder corpse.
Found 18 gold pieces.
You now have 163 gold pieces (gained 18).
There is a stone staircase leading up here.
q - 2 fizzy coppery potions
Found a hammer.
Found a runed translucent door.
Crazy Yiuf shouts!
Found a short sword.
It was a potion of resistance.
You feel protected.
It was a potion of haste.
You feel yourself speed up.
You open the door. You hit Crazy Yiuf.
Crazy Yiuf is lightly wounded.
You hit Crazy Yiuf.
Crazy Yiuf is moderately wounded.
Crazy Yiuf hits you with a +3 quarterstaff of chaos!
Crazy Yiuf freezes you.
You hit Crazy Yiuf.
Crazy Yiuf is heavily wounded.
Crazy Yiuf hits you with a +3 quarterstaff of chaos!
You convulse.
You hit Crazy Yiuf but do no damage.
Crazy Yiuf is heavily wounded.
Crazy Yiuf hits you with a +3 quarterstaff of chaos.
* * * LOW HITPOINT WARNING * * *
You hit Crazy Yiuf.
Crazy Yiuf is severely wounded.
You hit Crazy Yiuf but do no damage.
Crazy Yiuf is severely wounded.
Crazy Yiuf hits you with a +3 quarterstaff of chaos!
* * * LOW HITPOINT WARNING * * *
You convulse.
* * * LOW HITPOINT WARNING * * *
You barely miss Crazy Yiuf. You tail-slap Crazy Yiuf.
Crazy Yiuf is severely wounded.
Crazy Yiuf hits you with a +3 quarterstaff of chaos!
You die...

## ##.##
#....†........###.##
#. .###.##
############### #.#
##. #...## #.# #..
##.## ##### #.# #.#
#.# #)..# #.####.#
#.#### #...#
#...##.# #..(.# ...
###.##.# ####.# #g#
######.##.# #.# #@##
#.........# #.# ##.#
##.####.#### #.#
#.## #..##......#
#.# ##.#
#####.#.##.# #.#
##.## #.......<#.#
#.# ##...#
#......#.... ##.##
#....# #....#...#.#
##.#.### #....#
###..##.##.#
#.###..# #####..##
#...>.##..


You could see Crazy Yiuf.

Vanquished Creatures
  Robin (D:2)
  4 adders (D:2)
  A dart slug (D:1)
  10 ball pythons
  3 endoplasms (D:1)
  2 giant cockroaches
  11 goblins
  5 hobgoblins
  13 jackals
  3 bats
  2 frilled lizards (D:2)
  6 kobolds
  4 rats
65 creatures vanquished.

Notes
Turn   | Place    | Note
-------+----------+-------------------------------------------
     0 | D:1      | booth the Demonspawn Monk began the quest for the Orb.
     0 | D:1      | Reached XP level 1. HP: 18/18 MP: 1/1
   179 | D:1      | Gained mutation: You are partially covered in rugged brown
                  | scales. (AC +1, +3% HP) [demonic ancestry]
   179 | D:1      | Reached XP level 2. HP: 6/24 MP: 2/2
   541 | D:1      | Reached XP level 3. HP: 29/29 MP: 3/3
   995 | D:1      | Identified a scroll of acquirement
   995 | D:1      | Acquired the amulet "Tipistrua" {Spirit +Blink Str+2 Int-3}
  1063 | D:2      | Noticed Robin
  1086 | D:2      | Killed Robin
  1101 | D:2      | Gained mutation: You have a small tail. [demonic ancestry]
  1101 | D:2      | Reached XP level 4. HP: 12/38 MP: 1/4
  1839 | D:2      | Found a runed translucent door.
  1840 | D:2      | Noticed Crazy Yiuf
  2014 | D:2      | Mangled by Crazy Yiuf

Illustrated notes

Levels and vault maps discovered:
D:1:      sevenhm_arrival_forest_fort_small_5, layout_basic
D:2:      layout_loops_ring, uniq_robin, uniq_crazy_yiuf_cottage

Skill      XL: |  1  2 |
---------------+-------+-----
Axes           | 3 |  3.9
Dodging        | 3 |  3.4
Fighting       | |  3.9

Action                     |  1- 3 |  4- 6 || total
---------------------------+-------+-------++-------
  Melee: Hand axe          |   126 |    52 ||   178
         Tailslap          |       |    10 ||    10
    Use: Scroll            |     1 |       ||     1
         Potion            |       |     2 ||     2
 Armour: Robe              |    18 |    10 ||    28
  Dodge: Dodged            |    82 |    39 ||   121
  Block: Orb               |     3 |       ||     3
